 Dungeon Crawl Stone Soup version 0.31.0-1-g2c135a008e (webtiles) character file.

Game seed: 16643806458661506539

486 qw the Shooter (level 7, -5/52 HPs)
             Began as a Djinni Hunter on Jan 23, 2024.
             Was an Initiate of Okawaru.
             Slain by Duvessa
             ... wielding a +0 short sword
              (8 damage)
             ... on level 5 of the Dungeon.
             The game lasted 00:00:14 (4118 turns).

qw the Shooter (Djinni Hunter)                      Turns: 4118, Time: 00:00:15

Health: -5/52      AC:  8    Str: 10      XL:     7   Next: 35%
Gold:   222        EV: 11    Int: 11      God:    Okawaru [......] SH:  0 Dex: 16 (18)

rFire   + + +        a - +0 shortbow (heavy)
rCold   x . .        (shield currently unavailable)
rNeg    . . .        b - +0 ring mail
rPois   inf          (no helmet)
rElec   .            (no cloak)
rCorr   .            h - +2 pair of gloves
SInv    .            (boots unavailable)
Will    .....        (no amulet)
Stlth   +            k - ring of protection from fire
HPRegen 0.28/turn    (no ring)
MPRegen 0.00/turn

%: infuse magic (-6 HP)
@: about to teleport, flying
A: sickness immunity, fire resistance 2, cold vulnerability 1, float, innate
caster, HP casting, extra vitality 1, inability to read after injury 1, noise
suppression
a: Renounce Religion


You were on level 5 of the Dungeon.
You worshipped Okawaru.
Okawaru was noncommittal.
You visited 2 branches of the dungeon, and saw 6 of its levels.

You collected 222 gold pieces.


Innate Abilities, Weirdness & Mutations

You are immune to sickness and miasma.
You are immune to poison.
Your flesh is very heat resistant. (rF++)
You are vulnerable to cold. (rC-)
You float through the air rather than walking.
You learn spells naturally, not from books.
Your magical power is your life essence.
You have superior vitality. (+4 MHP)
You occasionally lose the ability to read scrolls when taking damage.
You passively dampen the noise of your surroundings.


   Skills:
 - Level 4.0 Fighting
 + Level 5.7 Ranged Weapons
 - Level 1.7 Armour
 - Level 3.0 Dodging
 - Level 0.7 Stealth


You knew the following spells:

 Your Spells              Type           Power      Damage    Failure   Level
a - Magic Dart            Conj           0%         1d3       65%         1
b - Ensorcelled Hibernat  Hex/Ice        0%         N/A       80%         2
c - Gell's Gravitas       Tloc           0%         N/A       95%         3
Your spell library was empty.

Inventory:

Hand Weapons
 a - a +0 heavy shortbow (weapon)
Armour
 b - a +0 ring mail (worn)
 h - a +2 pair of gloves (worn)
Jewellery
 k - a ring of protection from fire (left hand)
Scrolls
 e - 2 scrolls of teleportation
Potions
 c - a potion of might
 f - a potion of cancellation
 g - a potion of resistance {unknown}
 l - a potion of curing

Dungeon Overview and Level Annotations

Branches:
Dungeon (5/15)             Temple (1/1) D:4

Altars:
Ashenzari
Dithmenos
Elyvilon
Gozag
Makhleb
Nemelex Xobeh
Okawaru
Qazlal
Ru
Trog
Uskayaw
Wu Jian
Xom
Zin
The Shining One

Annotations:
D:5 Dowan, Duvessa


Message History

Dowan mumbles some strange words.
Dowan blinks!
Duvessa hits you with a +0 short sword. Duvessa hits you but does no damage.
You shoot an arrow. The arrow hits Duvessa.
Duvessa is heavily wounded.
Duvessa hits you but does no damage. Duvessa hits you with a +0 short sword!
Dowan hits you but does no damage. Duvessa hits you with a +0 short sword.
You shoot an arrow.
The arrow hits Duvessa but does no damage.
Duvessa is heavily wounded.
Duvessa hits you with a +0 short sword.
Dowan hits you with a +1 dagger of electrocution.
Duvessa barely misses you.
Dowan hits you with a +1 dagger of electrocution.
You shoot an arrow. The arrow closely misses Duvessa.
Duvessa hits you with a +0 short sword. x2; Dowan hits you but does no damage.
Duvessa barely misses you.
You shoot an arrow. The arrow barely misses Duvessa.
Duvessa barely misses you. Dowan closely misses you.
Duvessa hits you with a +0 short sword.
Dowan hits you with a +1 dagger of electrocution.
Duvessa hits you but does no damage.
4116 ||| READING 3 scrolls of teleportation.
As you read the scroll of teleportation, it crumbles to dust.
You feel strangely unstable. Duvessa closely misses you.
Dowan hits you with a +1 dagger of electrocution.
Duvessa hits you with a +0 short sword.
You shoot an arrow.
The arrow hits Duvessa but does no damage.
Duvessa is heavily wounded.
Duvessa completely misses you. Dowan closely misses you.
Duvessa hits you with a +0 short sword. Dowan misses you.
You shoot an arrow. The arrow barely misses Duvessa.
Duvessa hits you but does no damage. x2
Dowan points at you and mumbles some strange words.
You easily resist.
Dowan gestures wildly while chanting.
Dowan blinks!
Duvessa hits you with a +0 short sword!
You die...

... ..# .. #.#
#e. ##..#
###...e## #
#.....ยค@### #
.....<#...##
##### ....#
##...## ####....
.##
##...#####.......
##..........###.
##........### #.
#(.......## ##
#..........# #
##..##.......# #


You could see Duvessa (fast) and Dowan.

Vanquished Creatures
  A phantom (D:5)
  A bombardier beetle (D:4)
  A quasit (D:4)
  3 jellies (D:3)
  An iguana (D:4)
  3 gnolls (D:4)
  6 adders
  5 shadow imps (D:4)
  3 white imps (D:4)
  7 orcs (D:3)
  6 ball pythons
  14 endoplasms
  3 giant cockroaches
  5 hobgoblins
  4 jackals (D:1)
  6 bats
  3 frilled lizards
  3 goblins
  10 kobolds
  5 rats
90 creatures vanquished.

Notes
Turn   | Place    | Note
-------+----------+-------------------------------------------
     0 | D:1      | qw the Djinni Hunter began the quest for the Orb.
     0 | D:1      | Reached XP level 1. HP: 18/18 MP: 0/0
     0 | D:1      | 0 ||| qw: Version: 0.3-a-136-gdd3b4e8
     0 | D:1      | 0 ||| qw: Game counter: 1083
     0 | D:1      | 0 ||| qw: Melee chars always use a shield: true
     0 | D:1      | 0 ||| qw: God list: Okawaru
     0 | D:1      | 0 ||| qw: Allow faded altars: false
     0 | D:1      | 0 ||| qw: Do Orc after clearing Dungeon:15 true
     0 | D:1      | 0 ||| qw: Do second Lair branch before Depths: true
     0 | D:1      | 0 ||| qw: Lair rune preference: random
     0 | D:1      | 0 ||| qw: Goals: Normal
     0 | D:1      | 0 ||| PLANNING D:1-11
   162 | D:1      | Reached XP level 2. HP: 23/23 MP: 0/0
   703 | D:1      | 703 ||| UPGRADING to ring of protection from fire.
   704 | D:1      | 704 ||| READING scroll labelled HIELOS ONUGAO.
   805 | D:1      | 805 ||| READING scroll labelled PATTYM GE POBI.
   806 | D:1      | 806 ||| READING scroll labelled PEDGHIN JUKANAMEL.
   806 | D:1      | 806 ||| IDENTIFYING red potion
   807 | D:1      | 807 ||| READING scroll labelled FARUMO YTIROR.
   808 | D:1      | 808 ||| DROPPING scroll of butterflies.
   809 | D:1      | 809 ||| DROPPING potion of lignification.
   995 | D:2      | Reached XP level 3. HP: 28/28 MP: 0/0
   995 | D:2      | Learned a level 1 spell: Magic Dart
  1002 | D:2      | Reached skill level 4 in Ranged Weapons
  1691 | D:2      | 1691 ||| READING 2 scrolls of identify.
  1691 | D:2      | 1691 ||| IDENTIFYING green potion
  1692 | D:2      | 1692 ||| READING scroll of identify.
  1692 | D:2      | 1692 ||| IDENTIFYING lumpy emerald potion
  1693 | D:2      | 1693 ||| READING scroll labelled DOITHE VEAFIYDU.
  1693 | D:2      | 1693 ||| BRANDING +0 shortbow.
  1694 | D:2      | 1694 ||| READING 4 scrolls labelled BEATELIN NIEWO.
  1699 | D:2      | 1699 ||| DRINKING 2 metallic pink potions.
  1700 | D:2      | 1700 ||| DRINKING 2 lumpy white potions.
  1701 | D:2      | 1701 ||| DRINKING cyan potion.
  1702 | D:2      | 1702 ||| DRINKING ruby potion.
  1703 | D:2      | 1703 ||| DRINKING amethyst potion.
  1812 | D:2      | 1812 ||| DROPPING potion of degeneration.
  1813 | D:2      | 1813 ||| DROPPING potion of ambrosia.
  2382 | D:3      | Reached XP level 4. HP: 34/34 MP: 0/0
  2406 | D:3      | Reached skill level 3 in Fighting
  2416 | D:3      | Reached skill level 3 in Dodging
  2416 | D:3      | 2416 ||| FLEEEEING.
  2418 | D:3      | 2418 ||| FLEEEEING.
  2419 | D:3      | 2419 ||| FLEEEEING.
  2420 | D:3      | 2420 ||| FLEEEEING.
  2421 | D:3      | 2421 ||| FLEEEEING.
  2422 | D:3      | 2422 ||| FLEEEEING.
  2423 | D:3      | 2423 ||| FLEEEEING.
  2429 | D:3      | Reached XP level 5. HP: 34/40 MP: 0/0
  2429 | D:3      | Learned a level 2 spell: Ensorcelled Hibernation
  2468 | D:3      | Found a sacrificial altar of Ru.
  2468 | D:3      | Found a stormy altar of Qazlal.
  2468 | D:3      | Found a stormy altar of Qazlal.
  2468 | D:3      | Found a sparkling altar of Nemelex Xobeh.
  2473 | D:3      | HP: 9/40 [frozen (6)]
  2474 | D:3      | 2474 ||| READING 3 scrolls of teleportation.
  2475 | D:3      | 2475 ||| DRINKING potion of heal wounds.
  2860 | D:3      | Reached XP level 6. HP: 46/46 MP: 0/0
  2880 | D:3      | Reached skill level 5 in Ranged Weapons
  2888 | D:3      | 2888 ||| UPGRADING to +0 ring mail.
  2898 | D:3      | 2898 ||| DROPPING +0 leather armour.
  2899 | D:3      | 2899 ||| UPGRADING to +0 pair of gloves.
  2904 | D:3      | 2904 ||| READING scroll of identify.
  2904 | D:3      | 2904 ||| IDENTIFYING bubbling ruby potion
  2905 | D:3      | 2905 ||| DRINKING potion of mutation.
  2905 | D:3      | Gained mutation: You occasionally lose the ability to read
                  | scrolls when taking damage. [potion of mutation]
  2905 | D:3      | Gained mutation: You passively dampen the noise of your
                  | surroundings. [potion of mutation]
  3018 | D:4      | Reached skill level 1 in Armour
  3127 | D:4      | Found a shadowy altar of Dithmenos.
  3478 | D:4      | 3478 ||| FLEEEEING.
  3479 | D:4      | 3479 ||| FLEEEEING.
  3480 | D:4      | 3480 ||| FLEEEEING.
  3481 | D:4      | 3481 ||| FLEEEEING.
  3482 | D:4      | 3482 ||| FLEEEEING.
  3483 | D:4      | 3483 ||| FLEEEEING.
  3484 | D:4      | 3484 ||| FLEEEEING.
  3485 | D:4      | 3485 ||| FLEEEEING.
  3486 | D:4      | 3486 ||| FLEEEEING.
  3487 | D:4      | 3487 ||| FLEEEEING.
  3488 | D:4      | 3488 ||| FLEEEEING.
  3489 | D:4      | 3489 ||| FLEEEEING.
  3490 | D:4      | 3490 ||| STAIRDANCE
  3520 | D:3      | 3520 ||| READING 3 scrolls labelled OMUEBB BAOSUSM.
  3521 | D:3      | 3521 ||| DRINKING 2 metallic red potions.
  3522 | D:3      | 3522 ||| DROPPING 2 scrolls of fear.
  3620 | D:4      | Reached XP level 7. HP: 48/52 MP: 0/0
  3620 | D:4      | Learned a level 3 spell: Gell's Gravitas
  3700 | D:4      | Found an ornate altar of the Wu Jian Council.
  3744 | D:4      | Found a staircase to the Ecumenical Temple.
  3745 | D:4      | 3745 ||| PLANNING TEMPLE
  3745 | D:4      | 3745 ||| READING 2 scrolls labelled YMNOM YSEFFOA.
  3745 | D:4      | 3745 ||| ENCHANTING +0 pair of gloves.
  3746 | D:4      | 3746 ||| READING scroll of enchant armour.
  3746 | D:4      | 3746 ||| ENCHANTING +1 pair of gloves.
  3747 | D:4      | 3747 ||| READING scroll labelled CIUKHU HOSHUO.
  3756 | Temple   | Entered the Ecumenical Temple
  3757 | Temple   | 3757 ||| PLANNING OKAWARU WORSHIP
  3768 | Temple   | Became a worshipper of Warmaster Okawaru
  3769 | Temple   | 3769 ||| PLANNING D:1-11
  3971 | D:4      | Found a bloodstained altar of Trog.
  4016 | D:5      | Entered Level 5 of the Dungeon
  4107 | D:5      | Noticed Dowan
  4107 | D:5      | Noticed Duvessa
  4115 | D:5      | HP: 9/52 [Dowan/+1 dagger of electrocution (6)]
  4116 | D:5      | 4116 ||| READING 3 scrolls of teleportation.
  4117 | D:5      | HP: 2/52 [Duvessa/+0 short sword (4)]
  4118 | D:5      | Slain by Duvessa

Levels and vault maps discovered:
D:1:      minmay_arrival_cross, layout_loops_ring
D:2:      layout_basic, hangedman_glass_teeth, minmay_box_of_dots
D:3:      cheibrodos_fertilizer, layout_loops_corners, glass_columns_c,
          saegor_snake_ambush
D:4:      layout_loops_cross, trog_antimagical, mainiacjoe_overflow_alcove_1,
          grunt_dithmenos_smoke_and_mirrors, temple_fountains, serial_demonic,
          serial_demonic_c, serial_demonic_f, serial_demonic_a, serial_demonic_b
D:5:      layout_cave_pods, mainiacjoe_overflow_alcove_2, uniq_duvessa
Temple:   hellmonk_temple_forest_ring

Skill      XL: |  1  2  3  4  5  6 |
---------------+-------------------+-----
Ranged Weapons | 4 5 |  5.7
Fighting       | 3 4 |  4.0
Dodging        | 3 |  3.0
Armour         | 1 |  1.7
Stealth        | |  0.7

Action                     |  1- 3 |  4- 6 |  7- 9 || total
---------------------------+-------+-------+-------++-------
   Fire: Shortbow          |   120 |   116 |    31 ||   267
    Use: Scroll            |     8 |     3 |     4 ||    15
         Potion            |     5 |     3 |       ||     8
 Armour: Leather armour    |    41 |    17 |       ||    58
         Ring mail         |       |    88 |    43 ||   131
  Dodge: Dodged            |    42 |    95 |    19 ||   156

Table legend:
 A = Non-vault XP
 B = Vault XP
 C = Vault XP percentage of total XP
 D = Non-vault monster count
 E = Vault monster count
 F = Vault count percentage of total count
                 A         B        C        D         E       F
            +---------+---------+-------+---------+---------+-------
      Total |     324 |     371 |  53.4 |      54 |      36 |  40.0
            +---------+---------+-------+---------+---------+-------
        D:1 |      23 |       0 |   0.0 |      15 |       0 |   0.0
        D:2 |      18 |       5 |  21.7 |      11 |       3 |  21.4
        D:3 |      31 |     195 |  86.3 |      15 |      21 |  58.3
        D:4 |     134 |     171 |  56.1 |      11 |      12 |  52.2
        D:5 |     118 |       0 |   0.0 |       2 |       0 |   0.0
            +---------+---------+-------+---------+---------+-------
